 Dungeon Crawl Stone Soup version 0.28-a0-730-g892d06dc2c (webtiles) character file.

Game seed: 4121520159325524985

49 AttackTheMoon the Ruffian (level 3, -7/29 HPs)
             Began as a Draconian Transmuter on Oct 29, 2021.
             Mangled by Crazy Yiuf (13 damage)
             ... on level 2 of the Dungeon.
             The game lasted 00:02:36 (1915 turns).

AttackTheMoon the Ruffian (Draconian Transmuter)    Turns: 1915, Time: 00:02:37

Health: -7/29      AC:  5    Str: 12    XL:     3   Next: 51%
Magic:  5/6        EV: 12    Int: 14    God:
Gold:   106        SH:  0    Dex: 11    Spells: 3/6 levels left

rFire   . . .      SeeInvis .     - Unarmed
rCold   . . .      Faith    .   (no shield)
rNeg    . . .      Spirit   .   (armour unavailable)
rPois   .          Reflect  .   (helmet currently unavailable)
rElec   .          Harm     .   (no cloak)
rCorr   .          Rampage  .   (no gloves)
Will    .....                   (boots currently unavailable)
Stlth   +.........              (no amulet)
HPRegen 0.09/turn               (no ring)
MPRegen 0.10/turn               (no ring)

@: lethally poisoned (-7 -> -23), appendages, hasted, very quick
A: horns 2, talons 2, AC +5, unfitting armour, cold-blooded
a: End Transformation


You were on level 2 of the Dungeon.
You had temporarily grown beastly horns and talons.
You visited 1 branch of the dungeon, and saw 2 of its levels.

You collected 106 gold pieces.

Inventory:

Jewellery
 d - a ring of ice
 e - an amulet of guardian spirit
Scrolls
 f - a scroll of noise {unknown}
 g - 2 scrolls of teleportation {unknown}
 i - a scroll of identify
Potions
 a - a potion of flight {unknown}
 b - a potion of curing {unknown}
 h - a potion of lignification {unknown}


   Skills:
 + Level 2.1 Fighting
 + Level 2.3 Dodging
 - Level 3.0 Unarmed Combat
 + Level 2.4 Spellcasting
 + Level 2.5 Transmutations


You had 3 spell levels left.
You knew the following spells:

 Your Spells              Type           Power      Damage    Failure   Level
a - Beastly Appendage     Tmut           16%        N/A       8%          1
b - Wereblood             Tmut           8%         N/A       12%         2

Your spell library contained the following spells:

 Spells                   Type           Power      Damage    Failure   Level
 Passwall                 Tmut/Erth      4%         N/A       21%         2
 Sandblast                Erth           2%         2d4       22%         1
 Spider Form              Tmut/Pois      2%         N/A       38%         3
 Stone Arrow              Conj/Erth      2%         3d7       56%         3
 Ice Form                 Ice/Tmut       5%         N/A       80%         4


Dungeon Overview and Level Annotations

Branches:
Dungeon (2/15)

Altars:

Annotations:
D:2 Crazy Yiuf


Innate Abilities, Weirdness & Mutations

You have temporarily grown beastly horns and talons.
Your plain brown scales are hard. (AC +5)
You cannot fit into any form of body armour.
You are cold-blooded and may be slowed by cold attacks.


Message History

The quokka twitches its whiskers.
The quokka bites you. The quokka misses you.
You hit the quokka.
You kill the quokka!
No target in view!
No target in view!
No target in view!
No target in view!
No target in view!
No target in view!
No target in view!
No target in view!
Your transformation is almost over.
Your horns disappear.
Your talons disappear.
Things that are here:
a +0 club; a goblin corpse You see here a +0 club.
Key pressed, stopping explore.
There is a stone staircase leading up here.
Key pressed, stopping explore.
Crazy Yiuf shouts!
You feel yourself speed up.
You grow a pair of large bovine horns.
Your feet morph into talons.
You open the door. Crazy Yiuf hits you but does no damage.
Space warps around you.
There is an open translucent door here.
You closely miss Crazy Yiuf. You claw Crazy Yiuf, but do no damage.
You tail-slap Crazy Yiuf, but do no damage.
Crazy Yiuf hits you with a +3 quarterstaff of chaos!
Ouch! That really hurt!
You are lethally poisoned!
You barely miss Crazy Yiuf. You claw Crazy Yiuf.
Crazy Yiuf is lightly wounded.
* * * LOW HITPOINT WARNING * * *
You feel very sick.
You hit Crazy Yiuf.
Crazy Yiuf is moderately wounded.
* * * LOW HITPOINT WARNING * * *
You feel sick.
Crazy Yiuf hits you with a +3 quarterstaff of chaos!
You die...

#.#.# #..... #.#.# #.....
#.#.# ####.# #.#.# #.# #.#.#
#.# #.#.##♣♣♣♣♣ ##.#
#.#.+...♣.♣♣♣ #### #...
#........♣..♣#...# ###### #...
#.....P.♣♣♣♣.@g..# #....# #...
#.#.+..♣♣ ♣♣#..)# ####<# ####
#.####♣♣ #### #....## #.#
#.....# #.# #.##..#
#.############ ####.##..#####
#............####............#
###########.......#####..###.#
#.#####.........##.#


You could see Crazy Yiuf.

Vanquished Creatures
  An adder (D:2)
  A dart slug (D:2)
  5 ball pythons
  3 bats
  4 endoplasms
  A giant cockroach (D:1)
  4 goblins
  2 hobgoblins (D:1)
  2 kobolds (D:1)
  4 quokkas
  A frilled lizard (D:2)
  4 rats
32 creatures vanquished.

Notes
Turn   | Place    | Note
-------+----------+-------------------------------------------
     0 | D:1      | AttackTheMoon the Draconian Transmuter began the quest for
                  | the Orb.
     0 | D:1      | Reached XP level 1. HP: 16/16 MP: 3/3
   371 | D:1      | Found a faded altar of an unknown god.
   405 | D:1      | Reached XP level 2. HP: 22/23 MP: 3/5
   983 | D:2      | Learned a level 2 spell: Wereblood
  1251 | D:2      | Reached XP level 3. HP: 28/29 MP: 4/6
  1486 | D:2      | Found a runed translucent door.
  1487 | D:2      | Noticed Crazy Yiuf
  1915 | D:2      | Mangled by Crazy Yiuf

Illustrated notes

Levels and vault maps discovered:
D:1:      nagdon_arrival_double_spiral, layout_loops_ring,
          hellmonk_ecumenical_altar_lost_god
D:2:      layout_loops_cross, chequers_avenue, uniq_crazy_yiuf_cottage

Skill      XL: |  1  2  3 |
---------------+----------+-----
Dodging        | 2 |  2.3
Fighting       | 2 |  2.1
Unarmed Combat | |  3.0
Spellcasting   | |  2.4
Transmutations | |  2.5

Action                   || total
-------------------------++-------
Melee: Unarmed           ||    90
       Tailslap          ||    10
       Kick              ||    12
       Headbutt          ||    10
 Cast: Beastly Appendage ||    29
  Use: Scroll            ||     1
       Potion            ||     1
 Stab: Sleeping          ||     2
Armor: Skin              ||    33
Dodge: Dodged            ||    60

Table legend: (Time is in decaauts)
 A = Elapsed time spent in this place.
 B = Non-inter-level travel time spent in this place.
 C = Inter-level travel time spent in this place.
 D = Time resting spent in this place.
 E = Time spent auto-exploring this place.
 F = Levels seen in this place.
 G = Mean time per level.
                   A        B        C        D        E       F      G
               +--------+--------+--------+--------+--------+-----+--------+
         Total |   1944 |   1898 |     46 |      0 |   1633 |   2 |  972.0 |
       Dungeon |   1944 |   1898 |     46 |      0 |   1633 |   2 |  972.0 |
               +--------+--------+--------+--------+--------+-----+--------+

Top non-repeatable levels by time:
     D:1: 1006 daAuts
     D:2: 938 daAuts
